 Dungeon Crawl Stone Soup version 0.30.1-9-gdf580d7c3d (webtiles) character file.

Game seed: 6874509335965819120

665 lonewolfV2 the Shield-Bearer (level 7, -5/63 HPs)
             Began as a Formicid Fighter on Oct 22, 2023.
             Slain by a hellwing (10 damage)
             ... created by the fury of Makhleb
             ... on level 4 of the Dungeon.
             The game lasted 00:07:28 (5328 turns).

lonewolfV2 the Shield-Bearer (Formicid Fighter)     Turns: 5328, Time: 00:07:28

Health: -5/63      AC: 11    Str: 23    XL:     7   Next: 87%
Magic:  7/7        EV:  9    Int:  7    God:
Gold:   202        SH:  6    Dex: 13    Spells: 6/6 levels left

rFire   . . .        a - +0 war axe
rCold   . . .        c - +0 buckler
rNeg    . . .        b - +0 scale mail
rPois   .            (helmet unavailable)
rElec   .            h - +0 cloak
rCorr   .            o - +0 pair of gloves
SInv    +            k - +0 pair of boots
Will    +....        n - amulet of the acrobat Stlth
                     i - ring of willpower
HPRegen 0.30/turn    (no ring)
MPRegen 0.10/turn

%: acrobat
@: mighty, studying Conjurations
A: permanent stasis, dig shafts and tunnels, antennae 3, four strong arms,
robust 1
a: Dig, Shaft Self


You were on level 4 of the Dungeon.
You visited 1 branch of the dungeon, and saw 4 of its levels.
You also visited: Sewer.

You collected 202 gold pieces.

Inventory:

Hand Weapons
 a - a +0 war axe (weapon)
Armour
 b - a +0 scale mail (worn)
 c - a +0 buckler (worn)
 h - a +0 cloak (worn)
 k - a +0 pair of boots (worn)
 o - a +0 pair of gloves (worn)
Jewellery
 i - a ring of willpower (left hand)
 n - an amulet of the acrobat (around neck)
Scrolls
 e - a scroll of brand weapon {unknown}
 f - 4 scrolls of teleportation
 r - a scroll of magic mapping
Potions
 g - a potion of attraction
 l - a potion of flight
 s - 2 potions of mutation
 t - a potion of haste


   Skills:
 + Level 6.0 Fighting
 - Level 2.0 Axes
 + Level 6.0 Armour
 + Level 7.2 Shields


You had 6 spell levels left.
You didn't know any spells.
Your spell library was empty.

Dungeon Overview and Level Annotations

Branches:
Dungeon (4/15)              Sewer (visited)
 Temple: D:4-7

Altars:
Makhleb
Trog

Shops:
D:2 ?


Innate Abilities, Weirdness & Mutations

You cannot be hasted, slowed, berserked, paralysed or teleported.
You can dig through walls and to a lower floor.
You have a pair of large antennae on your head. (SInv)
Your four strong arms can wield two-handed weapons with a shield.
You are robust. (+10% HP)


Message History

The hellwing is moderately wounded.
The hellwing misses you.
The hellwing hits you but does no damage.
You slash the hellwing!
The hellwing is heavily wounded.
You block the hellwing's attack. The hellwing barely misses you.
You barely miss the hellwing.
The hellwing is heavily wounded.
You block the hellwing's attack.
The hellwing hits you but does no damage. x2
The hellwing closely misses you.
You barely miss the hellwing.
The hellwing is heavily wounded.
The hellwing hits you.
The hellwing hits you but does no damage.
You hit the hellwing but do no damage.
The hellwing is heavily wounded.
The hellwing closely misses you. The hellwing barely misses you.
The hellwing hits you. x2
You closely miss the hellwing.
The hellwing is heavily wounded.
The hellwing hits you.
* * * LOW HITPOINT WARNING * * *
The hellwing hits you.
* * * LOW HITPOINT WARNING * * *
You barely miss the hellwing.
The hellwing is heavily wounded.
The hellwing hits you!
* * * LOW HITPOINT WARNING * * *
The hellwing closely misses you.
You hit the hellwing.
The hellwing is severely wounded.
You block the hellwing's attack.
The hellwing hits you but does no damage.
The hellwing barely misses you. The hellwing hits you.
* * * LOW HITPOINT WARNING * * *
You hit the hellwing but do no damage.
The hellwing is severely wounded.
The hellwing hits you!
You die...

.##....†.####......######.##
.##..#.).# #...##.#
.........####...##.#
###[...............#
##.#.#.#.......###
#.#.#.#.......#
#.#.#.#.......# #
#.#.#...#.#.# #.# ......#@#
#.# #####.#4# #.#######.#.#
######........ #.#
.............. ...
############## ..# .### . #.


You could see a hellwing.

Vanquished Creatures
  An orange demon (D:3)
  A ynoxinul (D:4)
  Pargi (D:4)
  A phantom (D:4)
  2 kobold brigands (Sewer)
  A scorpion (D:4)
  A hound (D:4)
  Jessica (D:2)
  Terence (D:3)
  10 adders
  A river rat (Sewer)
  5 worms
  2 dart slugs (D:2)
  5 orcs
  12 ball pythons
  12 bats
  12 endoplasms
  3 giant cockroaches
  5 goblins
  6 hobgoblins
  9 jackals
  A quokka (D:1)
  3 frilled lizards
  14 kobolds
  9 rats
119 creatures vanquished.

Notes
Turn   | Place    | Note
-------+----------+-------------------------------------------
     0 | D:1      | lonewolfV2 the Formicid Fighter began the quest for the
                  | Orb.
     0 | D:1      | Reached XP level 1. HP: 18/18 MP: 1/1
    54 | D:1      | Reached XP level 2. HP: 24/24 MP: 2/2
   539 | D:1      | Reached XP level 3. HP: 30/30 MP: 3/3
  1106 | D:2      | Reached XP level 4. HP: 37/37 MP: 4/4
  1135 | D:2      | Reached skill level 5 in Shields
  1317 | D:2      | Found Leedex's Magic Scroll Emporium.
  1381 | D:2      | Found a bloodstained altar of Trog.
  1432 | D:2      | Noticed Jessica
  1438 | D:2      | Killed Jessica
  1439 | D:2      | Reached XP level 5. HP: 39/42 MP: 5/5
  2089 | D:3      | Noticed Terence
  2101 | D:3      | Killed Terence
  2143 | D:3      | Found a glowing drain.
  2152 | Sewer    | Entered a sewer
  2226 | Sewer    | Reached XP level 6. HP: 16/49 MP: 6/6
  2545 | Sewer    | Reached skill level 5 in Fighting
  2545 | Sewer    | Reached skill level 5 in Armour
  2545 | Sewer    | Reached skill level 6 in Shields
  2985 | Sewer    | Gained mutation: You are robust. (+10% HP) [potion of
                  | mutation]
  3037 | D:3      | Found a faded altar of an unknown god.
  3067 | D:3      | Prayed at the altar of an unknown god.
  3067 | D:3      | Became a worshipper of Makhleb the Destroyer
  3067 | D:3      | Reached * piety under Makhleb
  3070 | D:3      | Fell from the grace of Makhleb
  3117 | D:3      | Reached XP level 7. HP: 59/61 MP: 7/7
  3190 | D:3      | Noticed an orange demon
  3195 | D:3      | Killed an orange demon
  4096 | D:4      | Noticed a ynoxinul
  4121 | D:4      | Killed a ynoxinul
  5069 | D:4      | Noticed Pargi
  5085 | D:4      | Killed Pargi
  5086 | D:4      | Reached skill level 7 in Shields
  5307 | D:4      | Noticed a hellwing
  5328 | D:4      | Slain by a hellwing

Illustrated notes

Levels and vault maps discovered:
D:1:      lightli_arrival_flooded_house, layout_loops_ring,
          roderic_serpentine_path, minmay_door_square, chequers_avenue
D:2:      layout_loops_ring, serial_shops, shop, basic_altar, serial_glass,
          glass_columns_a, glass_columns_a, glass_columns_b, glass_columns_a,
          st_stairs_4, minmay_randomly_rotated_circles, uniq_jessica
D:3:      layout_rooms, portal_sewer_entry_d, serial_forest,
          infiniplex_forest_lined_ring, infiniplex_forest_straight_2,
          infiniplex_forest_straight_4, infiniplex_forest_lined_ring,
          infiniplex_forest_lined_room_3, infiniplex_forest_split,
          infiniplex_forest_lined_ring, ebering_ecumenical_altar_abandoned,
          guppyfry_early_lair_pool, uniq_terence
D:4:      layout_basic, serial_curves, eino_curves_03, eino_curves_01,
          uniq_pargi

Skill      XL: |  1  2  3  4  5  6  7 |
---------------+----------------------+-----
Fighting       | 4 5 6 |  6.0
Armour         | 4 5 6 |  6.0
Shields        | 5 6 7 |  7.2
Axes           | |  2.0

Action                     |  1- 3 |  4- 6 |  7- 9 || total
---------------------------+-------+-------+-------++-------
  Melee: War axe           |   115 |   198 |   222 ||   535
 Invoke: Renounce Religion |       |     1 |       ||     1
    Use: Scroll            |     4 |     4 |     6 ||    14
         Potion            |       |     5 |     4 ||     9
 Armour: Scale mail        |    69 |    97 |   197 ||   363
  Dodge: Dodged            |    56 |   107 |   206 ||   369
  Block: Buckler           |    40 |    62 |    90 ||   192
